AoeStats
← Demi-Neurone

Arabia

510718839Analyzed
1v1 RM · 1d ago on Oct 2, 2026· 52m 1s· 2 players
Game mode
Random Map
Map size
Tiny (2 player)
Population
200
Speed
Normal
Resources
Standard
Victory
Conquest
Starting age
Dark Age
Ending age
Imperial Age
RankedLock teamsTeams togetherTeam positionsShared explorationLock speedFull tech treeHidden civsTurbo modeCheats
Victory
Defeat
🇺🇸 Vietnamese · United States
1652
+15
🇹🇼 Jurchens · Taiwan
1628
-15
tovra fans
6:28 Loom
8:48 Feudal Age
9:01 Man-at-Arms
9:58 Double-Bit Axe
12:19 Fletching
13:58 Padded Archer Armor
23:18 Castle Age
21:25 Gold Mining
21:30 Horse Collar
23:31 Scale Barding Armor
23:36 Elite Skirmisher
24:28 Bodkin Arrow
25:44 Bow Saw
27:35 Husbandry
29:18 Wheelbarrow
28:34 Town Watch
30:16 Ballistics
34:32 Bloodlines
34:37 Squires
34:37 Scale Mail Armor
35:14 Forging
34:51 Gambesons
36:10 Chain Mail Armor
37:26 Chain Barding Armor
41:01 Imperial Age
40:44 Stone Mining
41:30 Gold Shaft Mining
40:58 Heavy Plow
40:48 Arson
41:39 Iron Casting
41:25 Leather Archer Armor
41:47 Bracer
43:11 Chemistry
44:27 Leather Archer Armor
45:17 Plate Barding Armor
46:45 Masonry
46:59 Fortified Bastions
Demi-Neurone
6:12 Loom
9:12 Feudal Age
9:18 Man-at-Arms
13:37 Double-Bit Axe
16:17 Fletching
24:22 Castle Age
22:47 Bloodlines
23:15 Scale Barding Armor
23:59 Horse Collar
25:01 Gold Mining
27:48 Bow Saw
27:42 Husbandry
28:10 Bodkin Arrow
28:24 Padded Archer Armor
27:51 Light Cavalry
29:32 Wheelbarrow
28:42 Town Watch
32:35 Elite Skirmisher
33:36 Leather Archer Armor
33:39 Heavy Plow
37:49 Thumb Ring
38:04 Hand Cart
41:23 Imperial Age
39:32 Ballistics
41:15 Chain Barding Armor
42:10 Bracer
43:12 Chemistry
43:14 Ring Archer Armor
43:18 Paper Money
42:55 Imperial Skirmisher
44:15 Guilds
44:52 Plate Barding Armor
48:00 Elite Fire Lancer
48:40 Squires
48:42 Scale Mail Armor
48:53 Forging
51:22 Hoardings
Connection lost

Rejoining the realm…

Still unreachable

The connection could not be restored.

Session expired

The server has moved on; the page needs a fresh start.